 Dungeon Crawl Stone Soup version 0.19.5 (webtiles) character file.

14792 tognito the Fighter (level 11, -1/107 HPs)
             Began as a Minotaur Berserker on Apr 8, 2017.
             Was the Champion of Trog.
             Hit by a large rock thrown by a cyclops (13 damage)
             ... on level 12 of the Dungeon.
             The game lasted 00:24:13 (11017 turns).

tognito the Fighter (Minotaur Berserker)           Turns: 11017, Time: 00:24:14

Health: -1/107     AC: 21    Str: 25    XL:     11   Next: 93%
Magic:  10/10      EV: 15    Int:  4    God:    Trog [******]
Gold:   915        SH:  0    Dex: 22    Spells: 0 memorised, 10 levels left

rFire  . . .     SeeInvis .     a - +1 battleaxe (elec)
rCold  . . .     Gourm    .     u - +8 chain mail "Ylysont" {rPois Int-4 Dex+7}
rNeg   . . .     Faith    .     (shield currently unavailable)
rPois  +         Spirit   .     (helmet restricted)
rElec  .         Reflect  .     (no cloak)
rCorr  .         Harm     .     r - +0 pair of gloves
MR     .....                    (no boots)
Stlth  ..........               (no amulet)
                                t - +5 ring of dexterity (curse)
                                K - +4 ring of intelligence

@: no status effects
A: retaliatory headbutt, horns 2
a: Berserk, Trog's Hand, Brothers in Arms, Burn Spellbooks, Renounce Religion


You were on level 12 of the Dungeon.
You worshipped Trog.
Trog was exalted by your worship.
You were not hungry.

You visited 1 branch of the dungeon, and saw 12 of its levels.
You also visited: Ossuary and Bailey.

You collected 915 gold pieces.

Inventory:

Hand Weapons
 a - a +1 battleaxe of electrocution (weapon)
 b - a +0 arbalest
Missiles
 g - 41 bolts
Armour
 m - a +0 chain mail
 r - a +0 pair of gloves (worn)
 u - the +8 chain mail "Ylysont" (worn) {rPois Int-4 Dex+7}
   (You found it on level 5 of the Dungeon)

   It affects your intelligence (-4).
   It affects your dexterity (+7).
   It protects you from poison.
Jewellery
 s - an uncursed ring of fire
 t - a cursed +5 ring of dexterity (right hand)
 F - an uncursed ring of protection from cold
 H - an uncursed ring of poison resistance
 K - a +4 ring of intelligence (left hand)
 M - an uncursed amulet of the gourmand {unknown}
Wands
 k - a wand of flame (25/48)
 p - a wand of slowing (47/48)
 v - a wand of lightning (9/15)
 w - a wand of hasting (4/9)
 G - a wand of lightning (7/15)
 J - a wand of iceblast (6/15)
 P - a wand of acid (6/15)
Scrolls
 d - a scroll of fear
 e - 2 scrolls of enchant armour
 f - 3 scrolls of magic mapping
 h - 2 scrolls of blinking
 i - 10 scrolls of remove curse
 j - 7 scrolls of identify
 y - 3 scrolls of teleportation
 D - a scroll of enchant weapon
 N - 2 scrolls of recharging
 O - 2 scrolls of summoning
Potions
 n - 4 potions of brilliance
 o - 4 potions of flight
 x - 4 potions of heal wounds
 A - 2 potions of curing
 C - a potion of might
 I - a potion of resistance
Comestibles
 c - 5 bread rations
 l - 9 slices of pizza
 q - 6 beef jerkies
 z - 4 meat rations
 B - 19 fruits


   Skills:
 * Level 13.6 Fighting
 * Level 13.5 Axes
 + Level 9.9 Armour
 + Level 8.7 Dodging


You had 10 spell levels left.
You didn't know any spells.

Dungeon Overview and Level Annotations

Branches:
Dungeon (12/15)            Temple (0/1) D:6            Lair (0/6) D:9
    Orc: D:9-12

Altars:
Cheibriados
Dithmenos
Elyvilon
Gozag
Nemelex Xobeh
Okawaru
Ru
Uskayaw
Xom
Zin

Shops:
D:6 ?   D:11 :[%


Innate Abilities, Weirdness & Mutations

You reflexively headbutt those who attack you in melee.
You have a pair of horns on your head.


Message History

You found a teleport trap!
The jelly quivers.
The cyclops throws a large rock.
The large rock closely misses you.
You see here a large rock.
The cyclops throws a large rock.
The large rock hits you!!
You see here a large rock.
The jelly misses you.
The cyclops throws a large rock.
The large rock hits you!!
You see here a large rock.
Your chain mail "Ylysont" prevents you from hitting the jelly.
The jelly hits you.
You are splashed with acid!
The acid burns!
The cyclops throws a large rock.
The large rock hits you!!
* * * LOW HITPOINT WARNING * * *
You are too injured to fight recklessly!
You are too injured to fight recklessly!
You are too injured to fight recklessly!
Unknown command.
The jelly closely misses you. You furiously retaliate!
You headbutt the jelly!
The cyclops throws a large rock.
The large rock hits you!
You die...

#..(......
#........
#.......#
#.......##
#.C......
#......#
#..?...#
#^..@J.#
#....(.#
#......#
#....(.#
#.###(.+
#. #..#
#.###..#
#......#
#......#


You could see a cyclops and a jelly.

Vanquished Creatures
  Rupert (D:12)
  The ghost of Lucio the Grappler, a novice TrBe of Trog (D:10)
  An unseen horror (D:12)
  An orc knight (Bailey)
  The ghost of strmesko the Destroyer, a novice DEWz (D:8)
  An ugly thing (D:11)
  A cyclops (D:12)
  A troll (D:11)
  2 dream sheep (D:8)
  A vampire (D:9)
  2 wraiths (D:10)
  7 yaks
  2 steam dragons (D:6)
  2 hell hounds (D:9)
  A water moccasin (D:11)
  8 orc warriors
  4 ice beasts
  4 sky beasts
  A necrophage (D:11)
  A black bear (D:8)
  3 phantoms
  5 ogres
  8 centaurs
  A crocodile (D:11)
  2 big kobolds (D:8)
  4 elf zombies (Ossuary)
  7 bullfrogs
  6 killer bees (D:7)
  7 scorpions
  3 wights (D:6)
  5 crimson imps
  4 howler monkeys
  7 centaur zombies
  4 jellies
  5 hounds
  2 bullfrog skeletons
  6 orc priests
  A centaur skeleton (D:9)
  2 human zombies (Ossuary)
  Ijyb (D:2)
  Terence (D:3)
  An iguana (D:8)
  7 orc wizards
  9 worker ants
  A killer bee zombie (D:9)
  3 mummies (Ossuary)
  8 gnolls
  16 adders
  A howler monkey skeleton (D:9)
  2 shadow imps
  An ooze (D:8)
  3 worms
  A dart slug (D:1)
  3 leopard geckos
  27 orcs
  7 giant cockroaches
  12 goblins
  10 hobgoblins
  19 jackals
  7 quokkas
  2 ball pythons
  7 bats
  5 frilled lizards
  20 kobolds
  10 rats
309 creatures vanquished.

Vanquished Creatures (collateral kills)
  A hydra (D:8)
  A big kobold (D:8)
2 creatures vanquished.

Vanquished Creatures (others)
  A fungus (D:6)
1 creature vanquished.

Grand Total: 312 creatures vanquished

Notes
Turn   | Place    | Note
-------+----------+-------------------------------------------
     0 | D:1      | tognito the Minotaur Berserker began the quest for the Orb.
     0 | D:1      | Reached XP level 1. HP: 19/19 MP: 0/0
   288 | D:1      | Reached XP level 2. HP: 27/27 MP: 1/1
   739 | D:1      | Reached ** piety under Trog
   739 | D:1      | Reached XP level 3. HP: 26/33 MP: 2/2
  1471 | D:2      | Reached XP level 4. HP: 23/41 MP: 3/3
  1649 | D:2      | Reached skill level 5 in Fighting
  1696 | D:2      | Noticed Ijyb
  1712 | D:2      | Killed Ijyb
  1944 | D:2      | Reached *** piety under Trog
  2160 | D:3      | Reached XP level 5. HP: 22/48 MP: 4/4
  2436 | D:3      | Found a shimmering altar of Xom.
  2523 | D:3      | Noticed Terence
  2530 | D:3      | Killed Terence
  2530 | D:3      | Reached skill level 5 in Axes
  3087 | D:4      | Reached XP level 6. HP: 52/57 MP: 5/5
  3494 | D:5      | Entered Level 5 of the Dungeon
  3550 | D:5      | Found a glowing silver altar of Zin.
  3553 | D:5      | Found a sacrificial altar of Ru.
  3567 | D:5      | Found a hide-covered altar of Uskayaw.
  3607 | D:5      | Found an iron altar of Okawaru.
  3723 | D:5      | Found an opulent altar of Gozag.
  3738 | D:5      | Reached XP level 7. HP: 59/64 MP: 6/6
  3785 | D:5      | Reached **** piety under Trog
  3895 | D:5      | Got a warped chain mail
  3896 | D:5      | Identified the +8 chain mail "Ylysont" {rPois Int-4 Dex+7} (You found it on level 5 of the Dungeon)
  3981 | D:5      | Found a shadowy altar of Dithmenos.
  4001 | D:5      | Reached skill level 5 in Armour
  4231 | D:6      | Reached XP level 8. HP: 74/74 MP: 7/7
  4272 | D:6      | Found a sand-covered staircase.
  4282 | Ossuary  | Entered an ossuary
  4895 | D:6      | Reached skill level 5 in Dodging
  4909 | D:6      | Found a staircase to the Ecumenical Temple.
  4957 | D:6      | Found Kiusem's Magic Scroll Shop.
  5107 | D:6      | Found a faded altar of an unknown god.
  5107 | D:6      | Found a snail-covered altar of Cheibriados.
  5112 | D:6      | Found a faded altar of an unknown god.
  5115 | D:6      | Found a faded altar of an unknown god.
  5118 | D:6      | Found a faded altar of an unknown god.
  5195 | D:6      | Reached XP level 9. HP: 71/84 MP: 8/8
  5715 | D:7      | Reached ***** piety under Trog
  5822 | D:7      | Reached skill level 10 in Fighting
  6205 | D:7      | Reached skill level 10 in Axes
  6332 | D:8      | Noticed strmesko's ghost (novice DEWz)
  6343 | D:8      | Killed strmesko's ghost
  6441 | D:8      | Reached XP level 10. HP: 71/94 MP: 9/9
  6763 | D:8      | Noticed a three-headed hydra
  6769 | D:8      | Killed a one-headed hydra
  7288 | D:8      | Found a sparkling altar of Nemelex Xobeh.
  7487 | D:9      | Found a staircase to the Lair.
  8284 | D:10     | Entered Level 10 of the Dungeon
  8383 | D:10     | Found a white marble altar of Elyvilon.
  8519 | D:10     | Noticed Lucio's ghost (novice TrBe)
  8536 | D:10     | Killed Lucio's ghost
  8856 | D:10     | Reached XP level 11. HP: 104/104 MP: 10/10
  9437 | D:11     | Noticed a white ugly thing
  9439 | D:11     | Found Uzavack's Food Boutique.
  9453 | D:11     | Killed a white ugly thing
  9830 | D:11     | Reached ****** piety under Trog
  9974 | D:11     | Received a gift from Trog
  9975 | D:11     | Found Inukhleist's Armour Boutique.
 10103 | D:11     | Found Vugew's Book Shop.
 10453 | D:12     | Killed an unseen horror
 10471 | D:12     | Noticed Rupert
 10472 | D:12     | Paralysed by Rupert for 7 turns
 10486 | D:12     | Killed Rupert
 10639 | D:12     | Found a flagged portal.
 10655 | Bailey   | Entered a bailey
 10720 | Bailey   | Noticed an orc knight
 10728 | Bailey   | Killed an orc knight
 11017 | D:12     | Hit by a large rock thrown by a cyclops

Skill      XL: |  1  2  3  4  5  6  7  8  9 10 11 |
---------------+----------------------------------+-----
Fighting       | 4 5 6 7 9 10 12 13 | 13.6
Axes           | 4 5 6 7 8 10 12 13 | 13.5
Armour         | 3 4 5 6 7 8 9 |  9.9
Dodging        | 3 4 5 6 7 8 |  8.7

Action                   |  1- 3 |  4- 6 |  7- 9 | 10-12 || total
-------------------------+-------+-------+-------+-------++-------
Melee: Hand axe          |   100 |   165 |   125 |   228 ||   618
       Headbutt          |    13 |    24 |    66 |    78 ||   181
       War axe           |       |       |   101 |     6 ||   107
       Battleaxe         |       |       |       |    35 ||    35
 Fire: Shortbow          |       |       |    57 |    98 ||   155
       Arbalest          |       |       |       |    29 ||    29
Invok: Burn Spellbooks   |       |     1 |       |     1 ||     2
       Berserk           |       |     1 |       |     2 ||     3
       Brothers in Arms  |       |       |       |     1 ||     1
       Trog's Hand       |       |       |       |     1 ||     1
  Use: Potion            |     2 |     4 |     2 |     2 ||    10
       Scroll            |       |    12 |     4 |       ||    16
  Eat: Chunk             |     2 |     8 |     7 |    17 ||    34
       Royal jelly       |       |       |     1 |       ||     1
Armor: Animal skin       |     9 |       |       |       ||     9
       Ring mail         |    17 |    66 |    37 |       ||   120
       Chain mail        |       |       |    33 |   158 ||   191
Dodge: Dodged            |    69 |   112 |   133 |   244 ||   558
